 Dungeon Crawl Stone Soup version 0.17-a0-1-g1f4be75 (webtiles) character file.

81 grisnicke the Shield-Bearer (level 4, 36/36 HPs)
             Began as a Human Fighter on Mar 11, 2015.
             Got out of the dungeon alive.
             The game lasted 00:04:16 (1341 turns).

grisnicke the Shield-Bearer (Human Fighter)         Turns: 1341, Time: 00:04:16

Health: 36/36      AC:  6    Str: 18    XL:     4   Next: 67%
Magic:  4/4        EV:  7    Int:  8    God:
Gold:   37         SH:  9    Dex: 12    Spells: 0 memorised, 3 levels left

rFire  . . .     SeeInvis .     a - +0 flail
rCold  . . .     Clarity  .     b - +0 scale mail
rNeg   . . .     SustAb   .     c - +0 shield
rPois  .         Gourm    .     (no helmet)
rElec  .         Spirit   .     (no cloak)
rCorr  .         Warding  .     (no gloves)
rMut   .         Stasis   .     (no boots)
MR     .....                    (no amulet)
Stlth  ..........               f - ring of flight {+Fly, !d}
                                h - ring of wizardry {Wiz+, !d}

@: not resistant to hostile enchantments, extremely unstealthy
A: no striking features
a: Evoke Flight


You escaped.
You were not hungry.

You visited 1 branch of the dungeon, and saw 2 of its levels.

You collected 37 gold pieces.

Inventory:

Hand weapons
 a - a +0 flail (weapon)
Missiles
 i - 47 stones (quivered)
Armour
 b - a +0 scale mail (worn)
 c - a +0 shield (worn)
Jewellery
 f - a ring of flight (right hand) {+Fly, !d}
   (You found it on level 2 of the Dungeon)
 h - a ring of wizardry (left hand) {Wiz+, !d}
   (You found it on level 1 of the Dungeon)
 m - an uncursed ring of fire {rF+, rC-}
   (You found it on level 1 of the Dungeon)
Scrolls
 k - 3 scrolls of identify {unknown}
 l - 2 scrolls of immolation {unknown}
 p - a scroll of recharging {unknown}
Potions
 e - 3 potions of might
 g - a potion of agility {unknown}
 q - a potion of ambrosia {unknown}
 r - a potion of flight {unknown}
 t - a potion of heal wounds {unknown}
 u - a potion of poison {unknown}
 v - a potion of haste {unknown}
Comestibles
 d - 3 bread rations {@e1}
 j - a beef jerky
 n - a meat ration {@e2}
 o - a slice of pizza
 s - a chunk of flesh {@w0}


   Skills:
 + Level 3.6 Fighting
 + Level 2.6 Maces & Flails
 + Level 3.6 Armour
 + Level 3.7 Shields


You had 3 spell levels left.
You didn't know any spells.

Dungeon Overview and Level Annotations

Branches:
Dungeon (2/15)

Altars:


Message History

You closely miss the hobgoblin. You block the hobgoblin's attack.
Your scale mail prevents you from hitting the hobgoblin.
You block the hobgoblin's attack.
You barely miss the hobgoblin. You block the hobgoblin's attack.
The hobgoblin barely misses you.
You closely miss the hobgoblin.
The hobgoblin hits you but does no damage.
You hit the hobgoblin.
You kill the hobgoblin!
No target in view!
k - 3 scrolls labeled PNYANGACUU (gained 1)
v - a purple potion
d - 3 bread rations {@e1} (gained 1)
You open the door.
You open the door. 3 gnolls come into view.
The gnoll shouts!
Found a stone staircase leading down.
You sock the gnoll! You block the gnoll's attack.
You hit the gnoll. The gnoll hits you.
You take 3 damage, and have 32/35 hp.
You hit the gnoll.
You kill the gnoll!
Something unseen opens the large door.
You see here a gnoll corpse.
You butcher the gnoll corpse.
s - 2 chunks of flesh {@w0} (gained 1)
You block the gnoll's attack. The gnoll hits you with a spear!
You take 9 damage, and have 23/35 hp.
MASSIVE DAMAGE!!
You sock the gnoll! The gnoll closely misses you.
You closely miss the gnoll. The gnoll hits you with a spear.
You take 2 damage, and have 22/35 hp.
You hit the gnoll.
You kill the gnoll!
You see here a spear.
You start resting.
You regained 2 hp, and now have 24/36 hp.
Your shield and scale mail prevent you from hitting the gnoll.
The gnoll hits you but does no damage. x2
You sock the gnoll! You block the gnoll's attack.
You closely miss the gnoll. The gnoll barely misses you.
You closely miss the gnoll. The gnoll barely misses you. The gnoll hits you.
You take 4 damage, and have 21/36 hp.
You hit the gnoll.
You kill the gnoll!
You see here a gnoll corpse.
You butcher the gnoll corpse.
s - 3 chunks of flesh {@w0} (gained 1)
You see here a gnoll skeleton.
Saving game... please wait.
Welcome back, grisnicke the Human Fighter.
You start resting.
Some of the chunks of flesh in your inventory have rotted away.
You regained 12 hp, and now have 35/36 hp.
Found a stone staircase leading up.
Health restored: 36 No target in view!
There is a stone staircase leading up here.
You climb upwards.
There is a stone staircase leading down here.
You climb downwards.
There is a stone staircase leading up here.
There is an open door here.
You see here a kobold skeleton.
You see here a rat skeleton.
Eating one of 2 chunks of flesh {@w0}.
You continue eating. x2
A hobgoblin comes into view. It is wielding a club.
The hobgoblin shouts!
You hit the hobgoblin but do no damage. The hobgoblin closely misses you.
You hit the hobgoblin. The hobgoblin closely misses you.
You closely miss the hobgoblin.
The hobgoblin hits you but does no damage.
You barely miss the hobgoblin. The hobgoblin hits you with a club.
The hobgoblin hits you with a club.
You take 4 damage, and have 32/36 hp.
You hit the hobgoblin.
You kill the hobgoblin!
No target in view!
Saving game... please wait.
Welcome back, grisnicke the Human Fighter.
(D) Dungeon
Where to? (? - help)
What level of the Dungeon? (default 1, ? - help)
You see here a rat skeleton.
There is an open door here.
You see here a kobold skeleton.
You see here a spear.
You see here a gnoll skeleton.
There is a stone staircase leading up here.
You climb upwards.
There is a stone staircase leading down here.
You regained 3 hp, and now have 35/36 hp.
There is an open door here.
There is a staircase leading out of the dungeon here.
Health restored: 36 Are you sure you want to leave the Dungeon?
This will make you lose the game!
You have escaped!

##### #.@.##
###...##
#>##...#
#≈.#...##
#≈.##...#
#≈≈.#...##
#≈≈≈##...######
#
#≈≈≈≈'...'....#
#
#≈≈≈##...#.##.#
#


There were no monsters in sight!

Vanquished Creatures
  3 gnolls (D:2)
  An adder (D:2)
  A worm (D:1)
  An ooze (D:1)
  A giant cockroach (D:2)
  2 goblins (D:1)
  7 hobgoblins
  7 jackals
  A ball python (D:1)
  3 bats (D:1)
  2 giant newts (D:1)
  6 kobolds
  6 rats
41 creatures vanquished.

Notes
Turn   | Place    | Note
--------------------------------------------------------------
     0 | D:1      | grisnicke, the Human Fighter, began the quest for the Orb.
     0 | D:1      | Reached XP level 1. HP: 18/18 MP: 1/1
   138 | D:1      | Reached XP level 2. HP: 21/24 MP: 2/2
   328 | D:1      | Reached XP level 3. HP: 16/29 MP: 3/3
   966 | D:2      | Reached XP level 4. HP: 33/35 MP: 4/4
  1341 | D:$      | Got out of the dungeon alive.

Action                   |  1- 3 |  4- 6 || total
-------------------------+-------+-------++-------
Melee: Flail             |   116 |    22 ||   138
  Eat: Chunk             |       |     2 ||     2

Vault maps used:
D:1:      evilmike_arrival_crescent
D:2:      good_gods_mini_temple, gammafunk_temple_overflow_wave

Table legend:
 A = Turns spent in this place as a percentage of turns spent in the entire game.
 B = Non-inter-level travel turns spent in this place as a percentage of non-inter-level travel turns spent in the entire game.
 C = Inter-level travel turns spent in this place as a percentage of turns spent in this place.
 D = Turns resting spent in this place as a percentage of non-inter-level travel turns spent in this place.
 E = Turns spent auto-exploring this place as a percentage of non-inter-level travel turns spent in this place.
 F = Non-inter-level travel turns spent in this place divided by the number of levels of this place that you've seen.
                   A       B       C       D       E      F
               +-------+-------+-------+-------+-------+----------------------
         Total | 100.0 | 100.0 |   0.8 |   2.3 |   7.9 | 195.5
       Dungeon | 100.0 | 100.0 |   0.8 |   2.3 |   7.9 | 195.5
               +-------+-------+-------+-------+-------+----------------------

Table legend:
 A = Kills in this place as a percentage of kills in entire the game.
 B = Kills by you in this place as a percentage of kills by you in the entire game.
 C = Kills by friends in this place as a percentage of kills by friends in the entire game.
 D = Other kills in this place as a percentage of other kills in the entire game.
 E = Experience gained in this place as a percentage of experience gained in the entire game.
 F = Experience gained in this place divided by the number of levels of this place that you have seen.
                   A       B       C       D       E      F
               +-------+-------+-------+-------+-------+----------------------
         Total | 100.0 | 100.0 |  -nan |  -nan | 100.0 |  58.0
       Dungeon | 100.0 | 100.0 |  -nan |  -nan | 100.0 |  58.0
               +-------+-------+-------+-------+-------+----------------------
